 Dungeon Crawl Stone Soup version 0.29-a0-419-g77450f2105 (webtiles) character file.

Game seed: 15637745034948185515

144 KhasaRR the Grave Robber (level 5, -6/43 HPs)
             Began as a Gnoll Wanderer on May 18, 2022.
             Was a Believer of Lugonu.
             Killed from afar by a steam dragon (11 damage)
             ... with a ball of steam
             ... on level 4 of the Dungeon.
             The game lasted 00:17:54 (2805 turns).

KhasaRR the Grave Robber (Gnoll Wanderer)           Turns: 2805, Time: 00:17:56

Health: -6/43      AC:  3    Str:  9    XL:     5   Next: 26%
Magic:  3/9        EV: 12    Int: 16    God:    Lugonu [**....]
Gold:   69         SH:  0    Dex: 11    Spells: 1/10 levels left

rFire   . . .      SeeInvis .   a - +0 falchion
rCold   . . .      Faith    .   (no shield)
rNeg    . . .      Spirit   .   d - +0 robe
rPois   .          Reflect  .   (no helmet)
rElec   .          Harm     .   (no cloak)
rCorr   .          Rampage  .   e - +0 pair of gloves
Will    .....                   (no boots)
Stlth   ++........              (no amulet)
HPRegen 0.14/turn               r - ring of wizardry
MPRegen 0.11/turn               (no ring)

@: no status effects
A: fangs 1, strong nose, distributed training
a: Renounce Religion, Depart the Abyss, Bend Space


You were on level 4 of the Dungeon.
You worshipped Lugonu.
Lugonu was pleased with you.
You visited 1 branch of the dungeon, and saw 4 of its levels.

You collected 69 gold pieces.

Inventory:

Hand Weapons
 a - a +0 falchion (weapon)
Armour
 d - a +0 robe (worn)
 e - a +0 pair of gloves (worn)
 h - a +0 ring mail
Jewellery
 r - a ring of wizardry (left hand)
Wands
 p - a wand of paralysis (13)
Scrolls
 c - a scroll of fog
 f - a scroll of noise {unknown}
 g - a scroll of immolation
 l - a scroll of magic mapping {unknown}
 m - 3 scrolls of teleportation
 n - a scroll of poison {unknown}
Potions
 i - a potion of heal wounds {unknown}
 j - a potion of curing {unknown}
 k - a potion of degeneration
 o - a potion of attraction {unknown}
 q - a potion of invisibility {unknown}
 s - a potion of resistance
Miscellaneous
 b - a piece from Xom's chessboard (13/15)


   Skills:
 + Level 4.7 Fighting
 + Level 1.4 Short Blades
 + Level 2.9 Long Blades
 + Level 1.4 Axes
 + Level 1.4 Maces & Flails
 + Level 1.4 Polearms
 + Level 1.4 Staves
 + Level 1.4 Slings
 + Level 1.4 Bows
 + Level 1.4 Crossbows
 + Level 1.4 Throwing
 + Level 1.4 Armour
 + Level 1.4 Dodging
 + Level 1.4 Stealth
 + Level 1.4 Shields
 + Level 1.4 Unarmed Combat
 + Level 3.1 Spellcasting
 + Level 1.1 Conjurations
 + Level 1.1 Hexes
 + Level 1.1 Summonings
 + Level 5.5 Necromancy
 + Level 1.1 Translocations
 + Level 1.1 Transmutations
 + Level 1.1 Fire Magic
 + Level 1.1 Ice Magic
 + Level 1.1 Air Magic
 + Level 1.1 Earth Magic
 + Level 1.1 Poison Magic
 + Level 3.0 Invocations
 + Level 4.7 Evocations


You had one spell level left.
You knew the following spells:

 Your Spells              Type           Power      Damage    Failure   Level
a - Animate Skeleton      Necr           40%        N/A       1%          1
b - Pain                  Necr           80%        1d8       1%          1
c - Dazzling Flash        Conj/Hex       12%        N/A       14%         3
d - Passwall              Tmut/Erth      5%         N/A       7%          2
e - Ensorcelled Hibernat  Hex/Ice        12%        N/A       7%          2

Your spell library contained the following spells:

 Spells                   Type           Power      Damage    Failure   Level
 Corpse Rot               Necr/Air       26%        N/A       2%          2
 Dispel Undead            Necr           20%        3d11      8%          4
 Swiftness                Air            6%         N/A       14%         3
 Anguish                  Hex/Necr       6%         N/A       19%         4
 Agony                    Necr           20%        N/A       21%         5
 Death Channel            Necr           10%        N/A       71%         6
 Silence                  Hex/Air        3%         N/A       75%         5


Dungeon Overview and Level Annotations

Branches:
Dungeon (4/15)
 Temple: D:4-7

Altars:
Cheibriados
Makhleb
Wu Jian
Yredelemnul
Lugonu

Shops:
D:1 =


Innate Abilities, Weirdness & Mutations

You have very sharp teeth.
Your uncanny sense of smell can sniff out nearby items.
Your experience applies equally to all skills.


Message History

Aim: a quokka (heavily wounded, chance to affect: 89%)
The quokka writhes in agony.
You kill the quokka!
Lugonu accepts your kill.
You see here a +0 quarterstaff.
Your magical contamination has completely faded away.
HP restored.
Okay, then.
Magic restored.
A steam dragon comes into view.
The steam dragon hisses angrily.
You make a move on Xom's chessboard...
The steam dragon resists with significant effort.
You make a move on Xom's chessboard...
The steam dragon is outlined in light.
The steam dragon breathes steam at you. The ball of steam hits you!
Casting: Dazzling Flash (dangerous; 14% risk of failure)
Press: ? - help, Q - select action, (/) - cycle Dir - look around, f - activate Look: a steam dragon (steam, catching its breath, softly glowing, chance to dazzle: 54%)
You are engulfed in a cloud of scalding steam.
The steam dragon bites you! The steam dragon closely misses you.
Casting: Dazzling Flash (dangerous; 14% risk of failure)
Press: ? - help, Q - select action, (/) - cycle Dir - look around, f - activate Look: a steam dragon (steam, softly glowing, chance to dazzle: 54%)
The steam dragon is dazzled.
You are engulfed in a cloud of scalding steam.
* * * LOW HITPOINT WARNING * * *
The steam dragon closely misses you. The steam dragon barely misses you.
You hit the steam dragon.
The steam dragon is lightly wounded.
You are engulfed in a cloud of scalding steam.
* * * LOW HITPOINT WARNING * * *
The steam dragon completely misses you. The steam dragon closely misses you.
You catch the helpless steam dragon completely off-guard!
You hit the steam dragon.
The steam dragon is lightly wounded.
The steam dragon is no longer blind.
The steam dragon breathes steam at you. The ball of steam hits you!
You die...

#.#............######
#.....#.............#
#...#.#.########.##.#
#...#.#...........#.#
#...#.#..##########.#
#.........# #
#.#######.# #..##.#
### #...D@# #.#####


You could see a steam dragon (catching breath, corona).

Vanquished Creatures
  An orc priest (D:3)
  A hound (D:4)
  3 adders
  A worm (D:2)
  2 orcs (D:3)
  11 ball pythons
  3 bats
  3 endoplasms
  2 giant cockroaches
  6 goblins
  3 hobgoblins
  3 quokkas
  8 frilled lizards
  4 kobolds
  A rat (D:3)
52 creatures vanquished.

Vanquished Creatures (collateral kills)
  A ball python (D:2)
1 creature vanquished.

Vanquished Creatures (others)
  A kraken (D:1)
  A minotaur (D:1)
  An octopode (D:1)
  A gargoyle (D:1)
  A vine stalker (D:1)
  A troll (D:1)
  A demigod (D:1)
  A naga (D:1)
  A gnoll (D:1)
  9 tentacles (D:1)
18 creatures vanquished.

Grand Total: 71 creatures vanquished

Notes
Turn   | Place    | Note
-------+----------+-------------------------------------------
     0 | D:1      | KhasaRR the Gnoll Wanderer began the quest for the Orb.
     0 | D:1      | KhasaRR set off with the following items: a +0 falchion, a
                  | piece from Xom's chessboard (15/15), a scroll of fog, a +0
                  | robe; and the following spells available to memorise:
                  | Animate Skeleton, Pain, Anguish
     0 | D:1      | Reached XP level 1. HP: 20/20 MP: 4/4
     0 | D:1      | Noticed a troll
     0 | D:1      | Noticed an octopode
     0 | D:1      | Noticed a formicid
     0 | D:1      | Noticed a felid
     0 | D:1      | Noticed a minotaur
     0 | D:1      | Noticed a demigod
     0 | D:1      | Noticed a dwarf
     0 | D:1      | Noticed a kraken
     0 | D:1      | Noticed a naga
     0 | D:1      | Noticed a gargoyle
     0 | D:1      | Noticed a troll
     0 | D:1      | Noticed a vine stalker
     8 | D:1      | Killed an octopode
    10 | D:1      | Killed a gargoyle
    12 | D:1      | Killed a naga
    14 | D:1      | Killed a vine stalker
    14 | D:1      | Killed a demigod
    15 | D:1      | Killed a troll
    16 | D:1      | Killed a minotaur
    17 | D:1      | Killed a kraken
   210 | D:1      | Reached XP level 2. HP: 23/26 MP: 5/5
   854 | D:1      | Found Ymism's One-of-a-Kind Rings.
  1029 | D:1      | Learned a level 1 spell: Animate Skeleton
  1031 | D:1      | Learned a level 1 spell: Pain
  1422 | D:2      | Reached XP level 3. HP: 28/31 MP: 5/7
  1436 | D:2      | Learned a level 3 spell: Dazzling Flash
  1607 | D:2      | Found a faded altar of an unknown god.
  1618 | D:2      | Prayed at the altar of an unknown god.
  1618 | D:2      | Became a worshipper of Lugonu the Unformed
  1618 | D:2      | Reached * piety under Lugonu
  1618 | D:2      | Reached ** piety under Lugonu
  1645 | D:2      | You fall into a shaft and drop 1 floor!
  1672 | D:3      | Found an ornate altar of the Wu Jian Council.
  1700 | D:3      | Reached skill level 1 in Short Blades
  1700 | D:3      | Reached skill level 1 in Axes
  1700 | D:3      | Reached skill level 1 in Maces & Flails
  1700 | D:3      | Reached skill level 1 in Polearms
  1700 | D:3      | Reached skill level 1 in Staves
  1700 | D:3      | Reached skill level 1 in Slings
  1700 | D:3      | Reached skill level 1 in Bows
  1700 | D:3      | Reached skill level 1 in Crossbows
  1700 | D:3      | Reached skill level 1 in Throwing
  1700 | D:3      | Reached skill level 1 in Armour
  1700 | D:3      | Reached skill level 1 in Dodging
  1700 | D:3      | Reached skill level 1 in Stealth
  1700 | D:3      | Reached skill level 1 in Shields
  1700 | D:3      | Reached skill level 1 in Unarmed Combat
  1715 | D:3      | Reached XP level 4. HP: 32/38 MP: 2/8
  1753 | D:3      | Reached skill level 1 in Conjurations
  1753 | D:3      | Reached skill level 1 in Hexes
  1753 | D:3      | Reached skill level 1 in Summonings
  1753 | D:3      | Reached skill level 1 in Translocations
  1753 | D:3      | Reached skill level 1 in Transmutations
  1753 | D:3      | Reached skill level 1 in Fire Magic
  1753 | D:3      | Reached skill level 1 in Ice Magic
  1753 | D:3      | Reached skill level 1 in Air Magic
  1753 | D:3      | Reached skill level 1 in Earth Magic
  1753 | D:3      | Reached skill level 1 in Poison Magic
  2157 | D:3      | Found a snail-covered altar of Cheibriados.
  2157 | D:3      | Found a burning altar of Makhleb.
  2157 | D:3      | Found a basalt altar of Yredelemnul.
  2704 | D:4      | Reached XP level 5. HP: 39/43 MP: 4/9
  2714 | D:4      | Learned a level 2 spell: Passwall
  2717 | D:4      | Learned a level 2 spell: Ensorcelled Hibernation
  2799 | D:4      | Noticed a steam dragon
  2805 | D:4      | Killed from afar by a steam dragon

Illustrated notes

Levels and vault maps discovered:
D:1:      nicolae_arrival_kraken_aquarium_a, layout_basic,
          minmay_misc_feat_cross, nicolae_shop_unique_rings, st_stairs_1,
          patterned_corridor
D:2:      layout_loops_cross, hellmonk_ecumenical_altar_blasted,
          minmay_lizard_pond
D:3:      layout_basic, gammafunk_temple_overflow_claw,
          mainiacjoe_overflow_brackets, grunt_ministairs_13
D:4:      layout_basic

Skill      XL: |  1  2  3  4 |
---------------+-------------+-----
Short Blades   | 1 |  1.4
Axes           | 1 |  1.4
Maces & Flails | 1 |  1.4
Polearms       | 1 |  1.4
Staves         | 1 |  1.4
Slings         | 1 |  1.4
Bows           | 1 |  1.4
Crossbows      | 1 |  1.4
Throwing       | 1 |  1.4
Armour         | 1 |  1.4
Dodging        | 1 |  1.4
Stealth        | 1 |  1.4
Shields        | 1 |  1.4
Unarmed Combat | 1 |  1.4
Spellcasting   | 3 |  3.1
Conjurations   | 1 |  1.1
Hexes          | 1 |  1.1
Summonings     | 1 |  1.1
Translocations | 1 |  1.1
Transmutations | 1 |  1.1
Fire Magic     | 1 |  1.1
Ice Magic      | 1 |  1.1
Air Magic      | 1 |  1.1
Earth Magic    | 1 |  1.1
Poison Magic   | 1 |  1.1
Invocations    | 3 |  3.0
Fighting       | |  4.7
Long Blades    | |  2.9
Necromancy     | |  5.5
Evocations     | |  4.7

Action                   |  1- 3 |  4- 6 || total
-------------------------+-------+-------++-------
Melee: Falchion          |    84 |    21 ||   105
       Bite              |    11 |       ||    11
 Cast: Animate Skeleton  |     6 |     4 ||    10
       Pain              |    11 |    27 ||    38
       Dazzling Flash    |       |     2 ||     2
       Passwall          |       |     1 ||     1
Invok: Bend Space        |     1 |       ||     1
Evoke: Piece from Xom's  |     1 |     2 ||     3
  Use: Scroll            |     2 |       ||     2
       Potion            |     1 |       ||     1
 Stab: Invisible         |       |     1 ||     1
Armor: Robe              |     7 |     6 ||    13
       Ring mail         |    21 |       ||    21
Dodge: Dodged            |    48 |    16 ||    64

Table legend: (Time is in decaauts)
 A = Elapsed time spent in this place.
 B = Non-inter-level travel time spent in this place.
 C = Inter-level travel time spent in this place.
 D = Time resting spent in this place.
 E = Time spent auto-exploring this place.
 F = Levels seen in this place.
 G = Mean time per level.
                   A        B        C        D        E       F      G
               +--------+--------+--------+--------+--------+-----+--------+
         Total |   2821 |   2519 |    302 |     51 |   2014 |   4 |  705.2 |
       Dungeon |   2821 |   2519 |    302 |     51 |   2014 |   4 |  705.2 |
               +--------+--------+--------+--------+--------+-----+--------+

Top non-repeatable levels by time:
     D:1: 1409 daAuts
     D:3: 1056 daAuts
     D:2: 249 daAuts
     D:4: 105 daAuts
